 Dungeon Crawl Stone Soup version 0.32-a0-290-g598725c5f2 (webtiles) character file.

Game seed: 3842396175749640751

111197 MacCMillion the Eclecticist (level 17, -1/128 HPs)
             Began as a Djinni Alchemist on Feb 13, 2024.
             Was the Champion of Makhleb.
             Shot with an arrow by a naga sharpshooter (18 damage)
             ... on level 1 of the Snake Pit.
             The game lasted 01:15:58 (28027 turns).

MacCMillion the Eclecticist (Djinni Alchemist)     Turns: 28027, Time: 01:15:58

Health: -1/128     AC: 13    Str:  7    XL:     17   Next: 12%
Gold:   1263       EV: 35    Int: 22    God:    Makhleb [******] SH:  0 Dex: 17

rFire   + + +        a - +3 short sword
rCold   x . .        (no shield)
rNeg    . . .        K - +0 troll leather armour
rPois   ∞            B - +2 helmet
rElec   +            I - +2 cloak {rCorr}
rCorr   +            M - +2 pair of gloves
SInv    .            (boots unavailable)
Will    +....        X - amulet of the acrobat
Stlth   ++++         y - ring of Cyxkyxuv {rElec rF+}
HPRegen 1.21/turn    w - +5 ring of evasion
MPRegen 0.00/turn

%: acrobat, infuse magic (-2 HP)
@: acrobatic, flying, studying Spellcasting
A: sickness immunity, fire resistance 2, cold vulnerability 1, float, innate
caster, HP casting, extra vitality 1
a: Renounce Religion, Minor Destruction, Lesser Servant of Makhleb, Major
Destruction, Greater Servant of Makhleb


You were on level 1 of the Snake Pit.
You worshipped Makhleb.
Makhleb was exalted by your worship.
You visited 5 branches of the dungeon, and saw 24 of its levels.
You also visited: Ossuary and Volcano.

You collected 2409 gold pieces.
You spent 1146 gold pieces at shops.

Inventory:

Hand Weapons
 a - a +3 short sword (weapon)
 g - a +2 short sword of venom
Armour
 B - a +2 helmet (worn)
 H - a scarf of resistance
 I - a +2 cloak of preservation (worn)
 K - a +0 troll leather armour (worn)
 M - a +2 pair of gloves (worn)
Jewellery
 e - a +4 ring of protection
 w - a +5 ring of evasion (right hand)
 y - the ring of Cyxkyxuv (left hand) {rElec rF+}
   (You acquired it on level 2 of the Orcish Mines)

   [ring of protection from fire]

   rF+:       It protects you from fire.
   rElec:     It insulates you from electricity.
 C - a +5 ring of evasion
 O - a ring of see invisible
 P - a ring of willpower
 U - a ring of protection from cold
 X - an amulet of the acrobat (around neck)
 Z - the ring of Vokod {Will+ Str+3 Int+2}
   (You found it on level 15 of the Dungeon)

   [ring of willpower]

   Str+3:     It affects your strength (+3).
   Int+2:     It affects your intelligence (+2).
   Will+:     It increases your willpower.
Wands
 o - a wand of quicksilver (10)
 v - a wand of polymorph (17)
 F - a wand of digging (7)
 G - a wand of roots (12)
 Q - a wand of paralysis (2)
 T - a wand of mindburst (3)
Scrolls
 c - 3 scrolls of enchant weapon {unknown}
 h - 3 scrolls of vulnerability
 i - 6 scrolls of teleportation
 l - 7 scrolls of enchant armour
 m - a scroll of immolation
 p - 3 scrolls of amnesia
 s - 3 scrolls of revelation {unknown}
 t - 2 scrolls of noise
 u - 6 scrolls of blinking {unknown}
 x - 11 scrolls of identify
 z - a scroll of butterflies
 A - 4 scrolls of fog {unknown}
 N - a scroll of poison
 R - a scroll of brand weapon {unknown}
 W - a scroll of silence {unknown}
Potions
 b - 4 potions of haste
 d - 6 potions of enlightenment
 j - 3 potions of magic
 k - 8 potions of mutation
 n - 3 potions of brilliance
 q - 7 potions of curing
 r - 3 potions of degeneration
 E - 2 potions of lignification
 J - 2 potions of invisibility {unknown}
 L - 4 potions of resistance
 S - 2 potions of ambrosia {unknown}
 V - a potion of might {unknown}
Miscellaneous
 D - a sack of spiders


   Skills:
 + Level 13.6 Fighting
 - Level 8.0 Short Blades
 - Level 4.0 Armour
 - Level 8.0 Dodging
 - Level 10.0 Stealth
 + Level 16.9 Spellcasting
 + Level 16.7 Conjurations
 + Level 16.7 Hexes
   Level 0.0 Charms
 + Level 16.7 Summonings
 + Level 16.7 Necromancy
 + Level 16.7 Translocations
   Level 0.0 Transmutations
 + Level 16.7 Fire Magic
 + Level 16.7 Ice Magic
 + Level 16.7 Air Magic
 + Level 16.7 Earth Magic
 + Level 16.7 Alchemy


You knew the following spells:

 Your Spells              Type           Power      Damage    Failure   Level
a - Sting                 Conj/Alch      100%       1d9       0%          1
b - Mercury Vapours       Alch/Air       100%       N/A       0%          2
c - Mephitic Cloud        Conj/Alch/Air  75%        N/A       0%          3
d - Olgreb's Toxic Radia  Alch           75%        N/A       1%          4
e - Sticky Flame          Fire/Alch      75%        2d12      1%          4
f - Apportation           Tloc           100%       N/A       0%          1
g - Static Discharge      Conj/Air       100%       3-8/arc   0%          2
h - Stone Arrow           Conj/Erth      100%       3d13      0%          3
i - Volatile Blastmotes   Fire/Tloc      100%       2d18      0%          3
j - Fulminant Prism       Conj/Alch      37%        3d18      1%          4
k - Borgnjor's Vile Clut  Necr/Erth      37%        N/A       1%          5
l - Plasma Beam           Fire/Air       37%        2x1d51    1%          6
m - Summon Hydra          Summ           37%        N/A       3%          7
Your spell library was empty.

Dungeon Overview and Level Annotations

Branches:
Dungeon (15/15)            Temple (1/1) D:5            Lair (5/5) D:10
  Swamp (0/4) Lair:2        Snake (1/4) Lair:3        Slime (0/5) Lair:4
    Orc (2/2) D:9             Elf (0/3) Orc:2        Vaults (0/5) D:13
 Depths (0/4) D:15        Ossuary (visited)         Volcano (visited)

Altars:
Ashenzari
Cheibriados
Dithmenos
Elyvilon
Fedhas
Gozag
Hepliaklqana
Makhleb
Nemelex Xobeh
Okawaru
Qazlal
Ru
Trog
Uskayaw
Wu Jian
Xom
Yredelemnul
Zin
The Shining One
Beogh

Shops:
D:4 (   D:7 ((   D:15 *   Orc:2 [:??*

Portals:
Pandemonium: Orc:2

Annotations:
D:3 3 runed translucent doors, Colgate's ghost, amateur HOGl
D:5 3 runed translucent doors, paps's ghost, weakling TrDe
D:12 1 runed translucent door, Upridgh's ghost, journeyman VSBr
Snake:1 Aizul; Donald


Innate Abilities, Weirdness & Mutations

You are immune to sickness and miasma.
You are immune to poison.
Your flesh is very heat resistant. (rF++)
You are vulnerable to cold. (rC-)
You float through the air rather than walking.
You learn spells naturally, not from books.
Your magical power is your life essence.
You have superior vitality. (+4 MHP)


Message History

Your eight-headed hydra misses Aizul.
Your eight-headed hydra barely misses Aizul.
Your eight-headed hydra bites Aizul! x2
Your eight-headed hydra completely misses Aizul.
Your four-headed hydra bites Aizul.
Your four-headed hydra barely misses Aizul.
Your four-headed hydra misses Aizul.
Your four-headed hydra barely misses Aizul.
Okay, then.
Casting: Summon Hydra (dangerous; 3% risk of failure)
Confirm with . or Enter, or press ? or * to list all spells.
Okay, then.
You feel much better.
Aizul casts a spell at your four-headed hydra.
The bolt of poison hits your four-headed hydra!
The naga sharpshooter gestures wildly while chanting.
The naga sharpshooter magically shoots an arrow.
The arrow hits you!
* * * LOW HITPOINT WARNING * * *
Aizul hits your four-headed hydra.
Your four-headed hydra bites Aizul.
Your four-headed hydra barely misses Aizul.
Your four-headed hydra misses Aizul.
Your four-headed hydra bites Aizul.
Your eight-headed hydra bites Aizul.
Your eight-headed hydra closely misses Aizul.
Your eight-headed hydra bites Aizul!
Your eight-headed hydra bites Aizul but does no damage.
Your eight-headed hydra barely misses Aizul.
Your eight-headed hydra completely misses Aizul. x2
Your eight-headed hydra barely misses Aizul.
Your four-headed hydra disappears in a puff of smoke!
Aizul casts a spell at your eight-headed hydra.
The bolt of poison hits your eight-headed hydra!
The bolt of poison misses you.
The naga sharpshooter casts a spell.
The naga sharpshooter magically shoots an arrow.
The arrow completely misses you.
The naga sharpshooter mumbles some strange words.
The naga sharpshooter magically shoots an arrow.
The arrow hits you!!
You die...

##.........#
..........#
#N.N......#
#.>.N.....# #########
#.N...^...# #.......#
##.......# #.......#
##.....##
#.......#####NN.####
.......@..DSNN.......
....#.#...##§.#######
. # ###....## ###..#
##... ..... ####
..##. ..>.. ..#
.############...(#


You could see Aizul (distracted, ally target), 2 naga sharpshooters, 2 nagas and
a friendly eight-headed hydra (summoned).

Vanquished Creatures
  Rupert (Lair:4)
  Kirke (Lair:5)
  Roxanne (D:14)
  A fire giant (D:15)
  Nessos (D:13)
  A red draconian (Volcano)
  A dire elephant (Lair:5)
  A fire dragon (D:15)
  Josephine (Orc:2)
  A vault guard (D:13)
  An anaconda (Lair:3)
  4 hydras
  6 centaur warriors
  3 catoblepae
  A demonspawn (Orc:2)
  A dancing weapon (D:13)
  3 boulder beetles
  4 two-headed ogres
  A deep troll shaman (Lair:5)
  A naga sharpshooter (Snake:1)
  17 death yaks
  Urug (D:12)
  5 orc high priests
  A soul eater (Orc:2)
  Sonja (D:10)
  A skyshark (Lair:5)
  A sun demon (Orc:2)
  A sixfirhy (Orc:2)
  6 skeletal warriors
  Lodul (D:14)
  A swamp dragon (Lair:2)
  A deep troll (Lair:4)
  A wolf spider zombie (D:14)
  Pikel (D:7)
  4 orc knights (Orc:2)
  9 orc sorcerers (Orc:2)
  7 cyclopes
  A meliai (shapeshifter) (D:15)
  Maurice (D:11)
  16 elephants
  18 ugly things
  A manticore (D:15)
  3 meliai (D:14)
  4 black mambas
  5 kobold blastminers
  A rust devil (Orc:2)
  A gargoyle (D:12)
  7 cane toads
  2 kobold demonologists
  2 unseen horrors
  Jeremiah (D:7)
  2 efreet (D:14)
  A redback zombie (D:14)
  A rime drake (Lair:3)
  3 yaktaurs
  2 tengu conjurers (D:14)
  6 komodo dragons
  2 trolls (Orc:2)
  A red devil (Orc:2)
  Prince Ribbit (D:7)
  Grinder (D:6)
  2 polar bears
  5 blink frogs (Lair:5)
  10 dream sheep
  12 slime creatures
  2 centaur simulacra (D:15)
  2 shadows
  6 wraiths
  A water elemental (D:14)
  37 yaks
  2 basilisks
  A vampire (D:9)
  2 wyverns
  2 steam dragons (D:8)
  3 wargs
  6 hogs (Lair:5)
  5 humans (D:8)
  Menkaure (D:7)
  4 vampire mosquitoes
  A redback simulacrum (D:15)
  4 nagas (Lair:3)
  2 acid dragons
  18 water moccasins
  34 orc warriors
  A swamp drake (Lair:2)
  3 black bears
  2 laughing skulls (D:14)
  20 wolves
  12 centaurs
  14 ogres
  A phantom (D:7)
  2 lemures (D:7)
  4 kobold brigands
  11 bullfrogs
  2 water moccasin zombies (Ossuary)
  A scorpion (D:5)
  9 wights
  5 killer bees
  4 howler monkeys
  3 electric eels
  2 lava snakes (Lair:1)
  A bullfrog zombie (Ossuary)
  2 jellies
  A bombardier beetle (D:7)
  5 centaur zombies
  A human zombie (Ossuary)
  A gnoll bouda (D:8)
  27 orc priests
  2 hounds
  Terence (D:2)
  6 iguanas
  2 sleepcaps
  18 orc wizards
  2 scorpion zombies (Ossuary)
  A hell rat (Lair:5)
  Ijyb (D:5)
  An ogre zombie (Ossuary)
  7 gnolls
  10 adders
  2 shadow imps (D:6)
  2 ufetubi (D:7)
  3 adder zombies (Ossuary)
  3 dart slugs
  93 orcs
  7 endoplasms
  5 giant cockroaches
  2 gnoll zombies (Ossuary)
  5 goblins
  A hobgoblin (D:2)
  14 kobolds
  5 quokkas
  8 ball pythons
  5 bats
  3 frilled lizards
  2 goblin zombies (Ossuary)
  3 hobgoblin zombies (Ossuary)
  6 orc zombies (Ossuary)
  5 rats
698 creatures vanquished.

Vanquished Creatures (collateral kills)
  An anaconda (Snake:1)
  2 mana vipers (Snake:1)
3 creatures vanquished.

Vanquished Creatures (others)
  A centaur warrior (D:15)
  An ugly thing (D:14)
  An electric eel (Lair:1)
  An orc wizard (Orc:1)
  An orc (Orc:2)
  A fulminant prism (Orc:1)
6 creatures vanquished.

Grand Total: 707 creatures vanquished

Notes
Turn   | Place    | Note
-------+----------+-------------------------------------------
     0 | D:1      | MacCMillion the Djinni Alchemist began the quest for the
                  | Orb.
     0 | D:1      | MacCMillion set off with the following spells memorised:
                  | Sting, Mercury Vapours, Mephitic Cloud, Olgreb's Toxic
                  | Radiance, Sticky Flame.
     0 | D:1      | Reached XP level 1. HP: 15/15 MP: 0/0
    92 | D:1      | Reached XP level 2. HP: 19/21 MP: 0/0
   218 | D:1      | Reached XP level 3. HP: 24/25 MP: 0/0
   218 | D:1      | Learned a level 1 spell: Apportation
   529 | D:2      | Reached XP level 4. HP: 30/31 MP: 0/0
   529 | D:2      | Noticed Terence
   695 | D:2      | Killed Terence
   696 | D:2      | Reached XP level 5. HP: 18/35 MP: 0/0
   696 | D:2      | Learned a level 2 spell: Static Discharge
   919 | D:2      | Identified the +6 spear of Indomitability {elec, Dex+2}
  1195 | D:3      | Found a runed translucent gate.
  1195 | D:3      | Found a runed translucent gate.
  1195 | D:3      | Noticed a kobold brigand
  1196 | D:3      | Found a runed translucent gate.
  1198 | D:3      | Noticed Colgate's ghost (amateur HOGl)
  1364 | D:3      | Found a snail-covered altar of Cheibriados.
  1374 | D:3      | Reached skill level 5 in Spellcasting
  1374 | D:3      | Reached skill level 5 in Conjurations
  1374 | D:3      | Reached skill level 5 in Hexes
  1374 | D:3      | Reached skill level 5 in Summonings
  1374 | D:3      | Reached skill level 5 in Necromancy
  1374 | D:3      | Reached skill level 5 in Translocations
  1374 | D:3      | Reached skill level 5 in Fire Magic
  1374 | D:3      | Reached skill level 5 in Ice Magic
  1374 | D:3      | Reached skill level 5 in Air Magic
  1374 | D:3      | Reached skill level 5 in Earth Magic
  1374 | D:3      | Reached skill level 5 in Alchemy
  1951 | D:4      | Reached XP level 6. HP: 35/40 MP: 0/0
  2061 | D:4      | Found a shimmering altar of Xom.
  2210 | D:4      | Found a sand-covered staircase.
  2215 | Ossuary  | Entered an ossuary
  2736 | Ossuary  | Reached XP level 7. HP: 24/45 MP: 0/0
  2736 | Ossuary  | Learned a level 3 spell: Stone Arrow
  3173 | Ossuary  | Reached skill level 1 in Fighting
  3811 | Ossuary  | Noticed a silent spectre
  4042 | D:4      | Reached XP level 8. HP: 52/58 MP: 0/0
  4348 | D:4      | Found Impeomp's Antique Weapon Boutique.
  4645 | D:5      | Entered Level 5 of the Dungeon
  4647 | D:5      | Noticed Ijyb
  4658 | D:5      | Killed Ijyb
  5019 | D:5      | Found a sparkling altar of Nemelex Xobeh.
  5423 | D:5      | Found an opulent altar of Gozag.
  5423 | D:5      | Found a stormy altar of Qazlal.
  5597 | D:5      | Found a staircase to the Ecumenical Temple.
  5637 | D:5      | Found a runed translucent gate.
  5637 | D:5      | Found a runed translucent gate.
  5637 | D:5      | Found a runed translucent gate.
  5665 | Temple   | Entered the Ecumenical Temple
  5681 | Temple   | Became a worshipper of Makhleb the Destroyer
  5728 | D:5      | Noticed paps's ghost (weakling TrDe)
  5776 | D:5      | Reached skill level 5 in Fighting
  6168 | D:6      | Reached XP level 9. HP: 55/65 MP: 0/0
  6168 | D:6      | Learned a level 3 spell: Volatile Blastmotes
  6310 | D:6      | Noticed Grinder
  6313 | D:6      | Killed Grinder
  7160 | D:7      | Found Nogg's Weapon Emporium.
  7373 | D:7      | Noticed Menkaure
  7395 | D:7      | Killed Menkaure
  7396 | D:7      | Reached skill level 5 in Dodging
  7447 | D:7      | Noticed Prince Ribbit
  7472 | D:7      | Killed Prince Ribbit
  8268 | D:7      | Reached * piety under Makhleb
  8290 | D:7      | Noticed Pikel
  8303 | D:7      | Killed Pikel
  8304 | D:7      | Reached XP level 10. HP: 49/76 MP: 0/0
  8678 | D:7      | Noticed Jeremiah
  8688 | D:7      | Killed Jeremiah
  8689 | D:7      | Reached skill level 5 in Stealth
  8862 | D:7      | Found Omugucenk's Antique Weapon Emporium.
  9921 | D:8      | Found a sacrificial altar of Ru.
 10122 | D:8      | Reached skill level 1 in Short Blades
 10616 | D:8      | Reached ** piety under Makhleb
 10758 | D:9      | Noticed a two-headed ogre
 10775 | D:9      | Killed a two-headed ogre
 10776 | D:9      | Reached XP level 11. HP: 44/81 MP: 0/0
 10776 | D:9      | Learned a level 4 spell: Fulminant Prism
 11735 | D:9      | Found a blossoming altar of Fedhas.
 11835 | D:9      | Found a roughly hewn altar of Beogh.
 11835 | D:9      | Found a staircase to the Orcish Mines.
 11894 | D:9      | Reached *** piety under Makhleb
 12051 | D:9      | Identified the +1 ring mail of the Resonant God {Slay+3
                  | Stlth+}
 12143 | D:10     | Entered Level 10 of the Dungeon
 12361 | D:10     | Noticed a two-headed ogre
 12819 | D:10     | Noticed Sonja
 12827 | D:10     | Killed Sonja
 12980 | D:10     | Killed a two-headed ogre
 13174 | D:10     | Found a staircase to the Lair.
 13328 | D:10     | Found a white marble altar of Elyvilon.
 13412 | D:11     | Noticed Maurice
 13423 | D:11     | Killed Maurice
 13480 | D:11     | Noticed a two-headed ogre
 13490 | D:11     | Reached **** piety under Makhleb
 13490 | D:11     | Killed a two-headed ogre
 13491 | D:11     | Reached XP level 12. HP: 86/86 MP: 0/0
 13496 | D:11     | You are sucked into a shaft and drop 2 floors!
 13498 | D:13     | Noticed a centaur warrior
 13845 | D:11     | Reached skill level 10 in Spellcasting
 13845 | D:11     | Reached skill level 10 in Conjurations
 13845 | D:11     | Reached skill level 10 in Hexes
 13845 | D:11     | Reached skill level 10 in Summonings
 13845 | D:11     | Reached skill level 10 in Necromancy
 13845 | D:11     | Reached skill level 10 in Translocations
 13845 | D:11     | Reached skill level 10 in Fire Magic
 13845 | D:11     | Reached skill level 10 in Ice Magic
 13845 | D:11     | Reached skill level 10 in Air Magic
 13845 | D:11     | Reached skill level 10 in Earth Magic
 13845 | D:11     | Reached skill level 10 in Alchemy
 14012 | D:11     | Noticed a skeletal warrior
 14039 | D:11     | Killed a skeletal warrior
 14088 | D:11     | Noticed a skeletal warrior
 14117 | D:11     | HP: 3/86 [skeletal warrior/+0 glaive (6)]
 14118 | D:11     | Killed a skeletal warrior
 14131 | D:11     | Noticed a skeletal warrior
 14480 | D:11     | Found a hazy altar of Hepliaklqana.
 14612 | D:11     | Killed a skeletal warrior
 14771 | D:11     | Found a hazy altar of Hepliaklqana.
 15205 | Orc:1    | Entered Level 1 of the Orcish Mines
 15215 | Orc:1    | Noticed an orc high priest
 15226 | Orc:1    | Killed an orc high priest
 15431 | Orc:2    | Entered Level 2 of the Orcish Mines
 15431 | Orc:2    | Found a staircase to the Elven Halls.
 15843 | Orc:2    | Noticed Josephine
 15885 | Orc:2    | Killed Josephine
 16214 | Orc:1    | Reached ***** piety under Makhleb
 16220 | Orc:1    | Reached XP level 13. HP: 82/92 MP: 0/0
 16220 | Orc:1    | Learned a level 5 spell: Borgnjor's Vile Clutch
 16628 | Orc:2    | Found Yhotwic's General Store.
 16636 | Orc:2    | Bought a potion of resistance for 160 gold pieces
 16636 | Orc:2    | Bought a scroll of identify for 32 gold pieces
 17082 | Orc:2    | Found Utrikh's Magic Scroll Emporium.
 17089 | Orc:2    | Reached skill level 5 in Short Blades
 17137 | Orc:2    | Found Wyrimemibb's Magic Scroll Shoppe.
 17304 | Orc:2    | Bought a scroll of acquirement for 520 gold pieces
 17304 | Orc:2    | Acquired the ring of Cyxkyxuv {rElec rF+}
 17381 | Orc:2    | Noticed a demonspawn
 17403 | Orc:2    | Reached ****** piety under Makhleb
 18099 | Orc:2    | Found Katiogg's Book Boutique.
 18099 | Orc:2    | Found Hawn's Antique Armour Shop.
 18112 | Orc:2    | Killed a demonspawn
 18113 | Orc:2    | Reached XP level 14. HP: 83/98 MP: 0/0
 18128 | Orc:2    | Found a one-way gate leading to the halls of Pandemonium.
 18142 | Orc:2    | Bought a pair of glowing gloves for 217 gold pieces
 18142 | Orc:2    | Bought a pair of glowing gloves for 217 gold pieces
 18285 | Lair:1   | Entered Level 1 of the Lair of Beasts
 18285 | Lair:1   | Found a dark tunnel.
 18293 | Volcano  | Entered a volcano
 18313 | Volcano  | Found a burning altar of Makhleb.
 18431 | Volcano  | Noticed a red draconian
 18456 | Volcano  | Reached skill level 10 in Stealth
 18464 | Volcano  | Killed a red draconian
 18905 | Lair:1   | You are sucked into a shaft and drop 1 floor!
 19901 | Lair:2   | Found a staircase to the Swamp.
 20168 | Lair:3   | Found a staircase to the Snake Pit.
 20992 | Lair:4   | Noticed Rupert
 21283 | Lair:4   | Killed Rupert
 21691 | Lair:4   | Found a sacrificial altar of Ru.
 21694 | Lair:4   | Reached XP level 15. HP: 105/105 MP: 0/0
 21694 | Lair:4   | Learned a level 6 spell: Plasma Beam
 21857 | Lair:4   | Identified the +1 chain mail "Ubou" {Str+6}
 22025 | Lair:4   | Found a staircase to the Slime Pits.
 22184 | Lair:4   | Identified the +9 battleaxe of Fedhas, Hugging {holy,
                  | Will+}
 22279 | Lair:5   | Entered Level 5 of the Lair of Beasts
 22290 | Lair:5   | Reached skill level 10 in Fighting
 22424 | Lair:5   | Reached skill level 15 in Spellcasting
 22424 | Lair:5   | Reached skill level 15 in Conjurations
 22424 | Lair:5   | Reached skill level 15 in Hexes
 22424 | Lair:5   | Reached skill level 15 in Summonings
 22424 | Lair:5   | Reached skill level 15 in Necromancy
 22424 | Lair:5   | Reached skill level 15 in Translocations
 22424 | Lair:5   | Reached skill level 15 in Fire Magic
 22424 | Lair:5   | Reached skill level 15 in Ice Magic
 22424 | Lair:5   | Reached skill level 15 in Air Magic
 22424 | Lair:5   | Reached skill level 15 in Earth Magic
 22424 | Lair:5   | Reached skill level 15 in Alchemy
 22623 | Lair:5   | Identified the -2 kite shield "Etoysas" {Str+5}
 23751 | Lair:5   | Identified the +6 triple crossbow "Batreeh" {heavy, rF-
                  | Int+4}
 23814 | Lair:5   | Noticed Kirke
 23827 | Lair:5   | Killed Kirke
 24125 | D:12     | Found a runed translucent door.
 24126 | D:12     | Noticed Upridgh's ghost (journeyman VSBr)
 24166 | D:12     | Noticed Urug
 24170 | D:12     | Killed Urug
 24171 | D:12     | Reached XP level 16. HP: 101/118 MP: 0/0
 25012 | D:13     | HP: 3/118 [+5 long sword (13)]
 25187 | D:13     | Found a gate to the Vaults.
 25257 | D:13     | Noticed Nessos
 25275 | D:13     | Killed Nessos
 25360 | D:13     | Reached skill level 1 in Armour
 25717 | D:13     | Identified the +0 scale mail of Sif Muna's Delight {Int+4
                  | Dex+3}
 25749 | D:14     | Noticed Roxanne
 26054 | D:14     | Noticed Lodul
 26057 | D:14     | Killed Lodul
 26761 | D:14     | Killed Roxanne
 26886 | D:15     | Entered Level 15 of the Dungeon
 26886 | D:15     | Noticed a fire giant
 26886 | D:15     | Found a staircase to the Depths.
 26897 | D:15     | Killed a fire giant
 27090 | D:15     | Found Jyhefo's Demolitions Depot.
 27109 | D:15     | Identified the ring of Vokod {Will+ Str+3 Int+2}
 27380 | D:15     | Acquired a manual of Spellcasting
 27502 | D:15     | Reached XP level 17. HP: 127/127 MP: 0/0
 27502 | D:15     | Learned a level 7 spell: Summon Hydra
 27813 | Snake:1  | Entered Level 1 of the Snake Pit
 28013 | Snake:1  | Noticed Donald
 28013 | Snake:1  | Identified the serpent talisman of the Forest {rCorr Str+7
                  | Int-4 Slay+2}
 28013 | Snake:1  | Noticed Aizul
 28013 | Snake:1  | HP: 2/128 [naga sharpshooter/arrow (12)]
 28018 | Snake:1  | HP: 2/128 [Aizul/poison arrow (6)]
 28027 | Snake:1  | Shot with an arrow by a naga sharpshooter

Illustrated notes

Levels and vault maps discovered:
D:1:      erik_arrival_blinker_ship, layout_rooms
D:2:      layout_rooms, minmay_distorted, uniq_terence
D:3:      layout_loops_ring, kennysheep_slug_shrine,
          gammafunk_ghost_nasty_kobolds
D:4:      layout_loops_corners, vehumet_crystals, amcnicky_altar_gilded,
          serial_shops, shop, lightli_ossuary_entry_decrepit_ruins,
          serial_bayou_ford_a
D:5:      layout_basic, nemelex_spade_bored_becter,
          amethyst_overflow_temple_binary, minmay_temple_entry_gardened_gates,
          gammafunk_ghost_split, uniq_ijyb
D:6:      layout_loops_ring, uniq_grinder
D:7:      layout_basic, serial_shops, nicolae_shop_hallway_plus, shop,
          uniq_pikel, uniq_prince_ribbit1, uniq_jeremiah, uniq_menkaure
D:8:      layout_basic, mainiacjoe_overflow_alcove_4, minmay_ruffians
D:9:      layout_small_grid, fedhas_bush_and_centaur_altar, david_orc_5,
          minmay_diced_spiral
D:10:     layout_rooms, kennysheep_mini_moat, erik_lair_orcish_takeover,
          uniq_sonja
D:11:     layout_long_grid, minmay_strange_pillars, grunt_decor_arrowhead,
          worldfamousw_hep_ancestral_shrine, uniq_maurice
D:12:     layout_loops_ring, hellmonk_ghost_happy_afterlife, uniq_urug
D:13:     layout_small_grid, erik_vaults_1, uniq_nessos
D:14:     layout_stronghold, serial_undead, serial_undead_f, serial_undead_f,
          serial_undead_f, serial_undead_e, serial_undead_e,
          minmay_misc_feat_more_columns, uniq_lodul, uniq_roxanne
D:15:     grunt_enter_depths_giant_problem, layout_rooms,
          lemuel_coloured_pillars_altar, nicolae_blasting_shop,
          hangedman_corner_corridor
Temple:   nicolae_temple_god_jail
Lair:1:   layout_regular_city, nicolae_volcano_entry_hallway,
          nicolae_lair_liquid_snakes
Lair:2:   layout_small_grid, mainiacjoe_swamp_entry_lozenge_pond
Lair:3:   layout_cave_pods, minmay_snake_entry_guardpost_small
Lair:4:   dreamdust_cave_troll, layout_cave_pods, slime_entry_1,
          gauntlet_entry_generic, basic_altar, minivault_24, grunt_megastairs_2,
          serial_bayou_shore_a, uniq_rupert
Lair:5:   grunt_lair_end_beastmaster, layout_loops_ring,
          amcnicky_mini_pool_medium, grunt_megastairs_3, uniq_kirke
Snake:1:  layout_rooms, ebering_ghost_rock_garden, uniq_aizul, uniq_donald
Orc:1:    layout_diamond_mine
Orc:2:    pf_orc_diabolical, layout_caves, serial_shops, shop, uniq_josephine

Skill      XL: |  1  2  3  4  5  6  7  8  9 10 11 12 13 14 15 16 |
---------------+-------------------------------------------------+-----
Stealth        | 2 3 4 6 8 9 10 | 10.0
Spellcasting   | 4 5 6 7 9 12 14 15 16 | 16.9
Conjurations   | 4 5 6 7 9 12 14 15 16 | 16.7
Hexes          | 4 5 6 7 9 12 14 15 16 | 16.7
Summonings     | 4 5 6 7 9 12 14 15 16 | 16.7
Necromancy     | 4 5 6 7 9 12 14 15 16 | 16.7
Translocations | 4 5 6 7 9 12 14 15 16 | 16.7
Fire Magic     | 4 5 6 7 9 12 14 15 16 | 16.7
Ice Magic      | 4 5 6 7 9 12 14 15 16 | 16.7
Air Magic      | 4 5 6 7 9 12 14 15 16 | 16.7
Earth Magic    | 4 5 6 7 9 12 14 15 16 | 16.7
Alchemy        | 4 5 6 7 9 12 14 15 16 | 16.7
Fighting       | 3 5 7 8 9 12 13 | 13.6
Dodging        | 4 5 7 8 |  8.0
Short Blades   | 2 4 7 8 |  8.0
Armour         | 4 |  4.0

Action                     |  1- 3 |  4- 6 |  7- 9 | 10-12 | 13-15 | 16-18 || total
---------------------------+-------+-------+-------+-------+-------+-------++-------
  Melee: Short sword       |     2 |    21 |    51 |   126 |   243 |    20 ||   463
   Cast: Sting             |    34 |    57 |    28 |    10 |     4 |       ||   133
         Mephitic Cloud    |       |     3 |    15 |    49 |   117 |    16 ||   200
         Olgreb's Toxic Ra |       |     2 |    29 |    74 |   154 |    21 ||   280
         Sticky Flame      |       |    19 |    31 |    22 |    27 |     4 ||   103
         Stone Arrow       |       |       |    15 |    51 |   150 |    17 ||   233
         Fulminant Prism   |       |       |       |     1 |       |       ||     1
         Borgnjor's Vile C |       |       |       |       |     9 |     3 ||    12
         Plasma Beam       |       |       |       |       |    17 |   154 ||   171
         Summon Hydra      |       |       |       |       |       |     4 ||     4
    Use: Scroll            |       |       |     9 |     1 |     7 |     4 ||    21
         Potion            |       |       |       |       |       |     4 ||     4
   Stab: Sleeping          |       |     3 |     3 |     3 |     1 |       ||    10
         Confused          |       |       |     1 |     9 |    32 |     3 ||    45
         Petrified         |       |       |       |       |       |     2 ||     2
 Armour: Robe              |     1 |    27 |    42 |     9 |       |       ||    79
         Steam dragon scal |       |       |       |    65 |       |       ||    65
         Troll leather arm |       |       |       |    19 |   130 |    67 ||   216
         Skin              |       |       |       |     1 |       |       ||     1
  Dodge: Dodged            |     4 |    29 |    46 |   156 |   207 |   102 ||   544

Table legend: (Time is in decaauts)
 A = Elapsed time spent in this place.
 B = Non-inter-level travel time spent in this place.
 C = Inter-level travel time spent in this place.
 D = Time resting spent in this place.
 E = Time spent auto-exploring this place.
 F = Levels seen in this place.
 G = Mean time per level.
                   A        B        C        D        E       F      G
               +--------+--------+--------+--------+--------+-----+--------+
         Total |  27944 |  26375 |   1569 |   8311 |  13247 |  26 | 1074.8 |
       Dungeon |  17284 |  16155 |   1129 |   4386 |   9325 |  15 | 1152.3 |
        Temple |     30 |      1 |     29 |      0 |      0 |   1 |   30.0 |
          Lair |   5621 |   5388 |    233 |   1215 |   2936 |   5 | 1124.2 |
     Snake Pit |     42 |     42 |      0 |      0 |      0 |   1 |   42.0 |
  Orcish Mines |   3025 |   2848 |    177 |   1338 |    850 |   2 | 1512.5 |
       Ossuary |   1634 |   1634 |      0 |   1310 |     73 |   1 | 1634.0 |
       Volcano |    305 |    305 |      0 |     62 |     63 |   1 |  305.0 |
               +--------+--------+--------+--------+--------+-----+--------+

Top non-repeatable levels by time:
     D:8: 2271 daAuts
   Orc:2: 1843 daAuts
     D:7: 1707 daAuts
  Lair:5: 1670 daAuts
 Ossuary: 1634 daAuts
    D:11: 1599 daAuts
     D:4: 1455 daAuts
     D:9: 1367 daAuts
  Lair:3: 1329 daAuts
   Orc:1: 1181 daAuts
  Lair:2: 1157 daAuts
    D:14: 1148 daAuts
     D:6: 1137 daAuts
  Lair:4: 1129 daAuts
     D:5: 1052 daAuts
